 Dungeon Crawl Stone Soup version 0.19.0-22-gd96e5fe (webtiles) character file.

16942 nikopol the Fighter (level 12, 0/118 HPs)
             Began as a Gargoyle Berserker on Nov 19, 2016.
             Was a High Priest of Trog.
             Incinerated by a mottled dragon (4 damage)
             ... with a sticky flame
             ... in a volcano.
             The game lasted 00:38:25 (12456 turns).

nikopol the Fighter (Gargoyle Berserker)           Turns: 12456, Time: 00:38:25

Health: 0/118      AC: 28    Str: 34    XL:     12   Next: 42%
Magic:  12/12      EV: 12    Int:  7    God:    Trog [*****.]
Gold:   304        SH: 13    Dex: 11    Spells: 0 memorised, 11 levels left

rFire  . . .     SeeInvis .     H - +1 hand axe (flame)
rCold  + . .     Gourm    .     W - +2 chain mail {rC+}
rNeg   + . .     Faith    .     m - +0 shield
rPois  ∞         Spirit   .     (no helmet)
rElec  +         Reflect  .     F - +2 cloak
rCorr  +         Harm     .     (no gloves)
MR     .....                    N - +1 pair of boots "Gah Higreywi" {rElec rCorr Str+4 Stlth-}
Stlth  ..........               (no amulet)
                                (no ring)
                                (no ring)

@: berserking, liquid flames, glowing, very quick
A: negative energy resistance 1, electricity resistance, unbreathing,
petrification resistance, rot immunity, AC +8
a: Berserk, Trog's Hand, Brothers in Arms, Burn Spellbooks, Renounce Religion


You were in a volcano.
You worshipped Trog.
Trog was extremely pleased with you.
You were hungry.

You visited 2 branches of the dungeon, and saw 13 of its levels.
You also visited: Volcano.

You collected 484 gold pieces.
You spent 180 gold pieces at shops.

Inventory:

Hand Weapons
 H - a +1 hand axe of flaming (weapon)
 Z - a +2 battleaxe of electrocution
Missiles
 d - 143 arrows (quivered)
Armour
 k - a +2 cloak of magic resistance
 m - a +0 shield (worn)
 F - a +2 cloak (worn)
 N - the +1 pair of boots "Gah Higreywi" (worn) {rElec rCorr Str+4 Stlth-}
   (You bought it in a shop on level 7 of the Dungeon)

   It affects your strength (+4).
   It insulates you from electricity.
   It protects you from acid and corrosion.
   It makes you less stealthy.
 W - a +2 chain mail of cold resistance (worn)
Jewellery
 z - a cursed -2 ring of intelligence {unknown}
Wands
 g - a wand of digging (14/24)
 u - a wand of flame (30/48)
 D - a wand of slowing (21/48)
 R - a wand of lightning (4/15)
Scrolls
 b - a scroll of acquirement {unknown}
 e - 9 scrolls of identify {unknown}
 f - 4 scrolls of magic mapping {unknown}
 j - 6 scrolls of remove curse
 r - 3 scrolls of teleportation {unknown}
 t - 2 scrolls of noise {unknown}
 w - a scroll of blinking {unknown}
 x - a scroll of fog {unknown}
 y - a scroll of amnesia {unknown}
 I - a scroll of torment {unknown}
 M - a scroll of enchant weapon {unknown}
 O - a scroll of recharging {unknown}
 Q - a scroll of summoning {unknown}
Potions
 a - a potion of magic {unknown}
 h - 2 potions of invisibility {unknown}
 n - 6 potions of curing {unknown}
 p - a potion of lignification {unknown}
 s - 3 potions of heal wounds {unknown}
 B - 3 potions of berserk rage {unknown}
 C - 2 potions of haste {unknown}
 E - a potion of flight {unknown}
 G - a potion of degeneration {unknown}
 J - a potion of cure mutation {unknown}
 K - 2 potions of agility {unknown}
 U - 2 potions of ambrosia {unknown}
 X - a potion of mutation {unknown}
Comestibles
 c - 9 bread rations
 l - 2 meat rations
 o - 4 beef jerkies
 A - 7 fruits
 L - 8 slices of pizza
 Y - 2 royal jellies


   Skills:
 + Level 10.6 Fighting
 + Level 8.7 Axes
 + Level 10.2 Armour
 + Level 7.6 Dodging
 + Level 9.6 Shields


You had 11 spell levels left.
You didn't know any spells.

Dungeon Overview and Level Annotations

Branches:
Dungeon (11/15)            Temple (0/1) D:7            Lair (2/6) D:8
 Shoals (0/4) Lair:2
  Snake: Lair:2-4    Spider: Lair:2-4       Orc: D:9-12

Altars:
Hepliaklqana
Kikubaaqudgha
Okawaru
Zin
Jiyva

Shops:
D:4 (   D:7 *   D:8 (


Innate Abilities, Weirdness & Mutations

You are resistant to torment.
Your stone body is resilient. (AC +8)
You are immune to poison.
You resist negative energy. (rN+)
You are resistant to electric shocks. (rElec)
You can survive without breathing.
You are immune to petrification.
You are immune to rotting.


Message History

Trog accepts your kill. You block the fire bat's attack.
The mottled dragon breathes sticky fire at you.
The sticky flame hits you!
You are covered in liquid flames!
You slice the mottled dragon!!
You kill the mottled dragon!
Trog accepts your kill.
The mottled dragon scales are intact enough to wear.
You slash the fire bat!
You are covered in liquid flames!
* * * LOW HITPOINT WARNING * * *
The fire bat bites you but does no damage.
You hit the fire bat.
The fire bat is severely wounded.
You are covered in liquid flames!
* * * LOW HITPOINT WARNING * * *
You block the fire bat's attack.
You are covered in liquid flames!
You die...

≈≈≈≈≈§§§≈≈§§
≈≈≈≈§§§≈≈§≈ §≈§≈§≈≈≈§
♣♣P.P.≈≈ ♣P..§.♣♣ ≈
♣.♣P..♣♣♣ ≈≈ ♣....)..♣♣
§≈§ ♣...♣♣...♣§§≈§
♣@.♣♣♣....≈≈≈§≈#
♣.b.♣♣..♣.P≈≈§≈≈#
....♣♣♣.....≈§≈§§≈
....♣.♣♣..P..♣≈≈§§≈≈
≈§♣P...P♣P.♣P.§P≈≈§≈§ §
§§P♣♣♣♣.....§≈§≈§≈§§
§≈§§≈≈§♣♣P...♣§≈≈§≈≈
♣≈§§≈≈≈§♣..P..§≈§≈♣♣♣♣#
♣≈§§≈§≈♣....§§§§♣♣♣.P.


You could see a fire bat.

Vanquished Creatures
  Josephine (D:10)
  A hydra (Lair:2)
  The ghost of herpmino the Grappler, a novice TrMo of Cheibriados (D:10)
  An ugly thing (D:11)
  Pikel (D:8)
  The ghost of removeelyvilon the Insei, a novice DsTm (D:6)
  A salamander (Volcano)
  2 spiny frogs
  3 komodo dragons
  A rime drake (Lair:1)
  4 blink frogs (Lair:1)
  A slime creature (D:10)
  4 hippogriffs
  Sigmund (D:5)
  3 wraiths (D:10)
  6 yaks
  A basilisk (Lair:2)
  4 fire bats (Volcano)
  4 hogs (D:8)
  3 wyverns (Volcano)
  A human (D:8)
  A steam dragon (Volcano)
  Menkaure (D:7)
  3 mottled dragons
  5 water moccasins
  9 porcupines
  Duvessa (D:6)
  2 sky beasts
  3 orc warriors
  3 phantoms
  2 black bears
  3 necrophages
  An ice beast (D:11)
  3 crocodiles
  A wolf (Lair:1)
  4 ogres
  A centaur (D:5)
  The ghost of smedtjen the Firebug, an amateur HEFE (D:3)
  5 bullfrogs
  Dowan (D:6)
  A wyvern zombie (D:6)
  5 scorpions
  6 howler monkeys
  5 wights (D:6)
  An electric eel (D:6)
  A centaur zombie (D:7)
  3 crimson imps
  2 hounds
  4 jellies
  A centaur skeleton (D:7)
  9 orc wizards
  9 orc priests
  7 worker ants
  9 iguanas
  Ijyb (D:2)
  Natasha (D:2)
  A hound zombie (D:8)
  A hound skeleton (D:6)
  A mummy (D:4)
  2 worker ant zombies
  6 gnolls
  9 adders
  2 shadow imps
  2 oozes (D:3)
  An adder zombie (D:6)
  An adder skeleton (D:7)
  6 worms
  2 dart slugs
  8 leopard geckos
  44 orcs
  5 giant cockroaches
  7 hobgoblins
  17 jackals
  4 quokkas
  5 ball pythons
  5 bats
  5 frilled lizards
  A giant cockroach zombie (D:5)
  10 goblins
  2 hobgoblin zombies (D:4)
  8 kobolds
  2 kobold zombies (D:4)
  A leopard gecko skeleton (D:5)
  13 rats
  A fungus (Lair:2)
332 creatures vanquished.

Vanquished Creatures (others)
  3 wyverns (Volcano)
  A steam dragon (Volcano)
  3 slaves (D:8)
  A bullfrog (D:8)
  A scorpion (D:8)
  A goblin (D:1)
  13 plants (Volcano)
23 creatures vanquished.

Grand Total: 355 creatures vanquished

Notes
Turn   | Place    | Note
-------+----------+-------------------------------------------
     0 | D:1      | nikopol the Gargoyle Berserker began the quest for the Orb.
     0 | D:1      | Reached XP level 1. HP: 14/14 MP: 1/1
   322 | D:1      | Reached XP level 2. HP: 19/19 MP: 2/2
  1093 | D:2      | Reached XP level 3. HP: 24/24 MP: 3/3
  1139 | D:2      | Noticed Ijyb
  1151 | D:2      | Killed Ijyb
  1151 | D:2      | Reached skill level 1 in Shields
  1151 | D:2      | Reached XP level 4. HP: 29/29 MP: 4/4
  1284 | D:2      | Reached ** piety under Trog
  1299 | D:2      | Noticed Natasha
  1319 | D:2      | Killed Natasha
  1424 | D:2      | Found a glowing silver altar of Zin.
  1431 | D:2      | You fall through a shaft for 2 floors!
  1436 | D:4      | Found an iron altar of Okawaru.
  1444 | D:4      | Reached XP level 5. HP: 22/33 MP: 5/5
  2022 | D:4      | Reached XP level 6. HP: 24/39 MP: 6/6
  2397 | D:4      | Got a spiked leather armour
  2752 | D:4      | Reached skill level 5 in Fighting
  2752 | D:4      | Reached XP level 7. HP: 35/44 MP: 7/7
  2844 | D:3      | Reached *** piety under Trog
  3812 | D:3      | Noticed smedtjen's ghost (amateur HEFE)
  3822 | D:3      | Killed smedtjen's ghost
  3822 | D:3      | Reached **** piety under Trog
  4306 | D:4      | Found a hazy altar of Hepliaklqana.
  4398 | D:4      | Found Furamuiv's Antique Weapon Shoppe.
  4555 | D:5      | Entered Level 5 of the Dungeon
  4570 | D:5      | Reached skill level 5 in Armour
  4616 | D:5      | Reached XP level 8. HP: 37/50 MP: 8/8
  5056 | D:5      | Noticed Sigmund
  5066 | D:5      | Killed Sigmund
  5335 | D:6      | Reached skill level 5 in Axes
  5361 | D:6      | Noticed Duvessa
  5363 | D:6      | Noticed Dowan
  5369 | D:6      | Killed Duvessa
  5381 | D:6      | Reached XP level 9. HP: 43/56 MP: 9/9
  5393 | D:6      | Reached ***** piety under Trog
  5396 | D:6      | Killed Dowan
  5396 | D:6      | Reached skill level 5 in Shields
  5641 | D:6      | Noticed removeelyvilon's ghost (novice DsTm)
  5661 | D:6      | Killed removeelyvilon's ghost
  6594 | D:7      | Reached skill level 5 in Dodging
  6613 | D:7      | Found a staircase to the Ecumenical Temple.
  6614 | D:7      | Noticed Menkaure
  6622 | D:7      | Killed Menkaure
  6877 | D:7      | Reached XP level 10. HP: 59/63 MP: 10/10
  7045 | D:7      | Found Sizisch Saymu's Assorted Antiques.
  7056 | D:7      | Bought a pair of heavily runed boots for 180 gold pieces
  7062 | D:7      | Identified the +1 pair of boots "Gah Higreywi" {rElec rCorr Str+4 Stlth-} (You bought it in a shop on level 7 of the Dungeon)
  7419 | D:7      | Found an ancient bone altar of Kikubaaqudgha.
  7752 | D:8      | Received a gift from Trog
  8086 | D:8      | Noticed Pikel
  8104 | D:8      | Killed Pikel
  8207 | D:8      | Found Sefruluh's Antique Weapon Emporium.
  8862 | D:8      | You fall through a shaft for 3 floors!
  8981 | D:11     | Noticed a white ugly thing
  9003 | D:11     | Killed a white ugly thing
  9003 | D:11     | Reached XP level 11. HP: 47/69 MP: 11/11
  9307 | D:10     | Entered Level 10 of the Dungeon
  9316 | D:10     | Noticed Josephine
  9341 | D:10     | Killed Josephine
  9522 | D:10     | Noticed herpmino's ghost (novice TrMo)
  9533 | D:10     | Killed herpmino's ghost
  9546 | D:10     | Found a viscous altar of Jiyva.
  9874 | D:8      | Found a staircase to the Lair.
  9915 | Lair:1   | Entered Level 1 of the Lair of Beasts
 10161 | Lair:1   | Received a gift from Trog
 10786 | Lair:1   | Identified the cursed +0 leather armour of Zuitok {rF++ Str+2 Dex+4 Stlth-} (You found it on level 4 of the Dungeon)
 11504 | Lair:2   | Noticed a five-headed hydra
 11515 | Lair:2   | Killed a one-headed hydra
 11515 | Lair:2   | Reached skill level 10 in Fighting
 11515 | Lair:2   | Reached XP level 12. HP: 77/77 MP: 12/12
 11646 | Lair:2   | Reached skill level 10 in Armour
 11887 | Lair:2   | Found a staircase to the Shoals.
 11996 | Lair:2   | Found a dark tunnel.
 12007 | Volcano  | Entered a volcano
 12290 | Volcano  | Received a gift from Trog
 12455 | Volcano  | HP: 4/118 [burnt (4)]
 12456 | Volcano  | Incinerated by a mottled dragon

Skill      XL: |  1  2  3  4  5  6  7  8  9 10 11 12 |
---------------+-------------------------------------+-----
Axes           | 3 4 5 6 7 8 |  8.7
Fighting       | 4 5 6 7 8 10 | 10.6
Dodging        | 2 3 4 5 6 7 |  7.6
Shields        | 1 2 3 4 6 7 9 |  9.6
Armour         | 3 5 6 7 8 9 10 | 10.2

Action                   |  1- 3 |  4- 6 |  7- 9 | 10-12 || total
-------------------------+-------+-------+-------+-------++-------
Melee: Hand axe          |   100 |   244 |   454 |   673 ||  1471
       War axe           |       |       |    86 |       ||    86
Invok: Berserk           |     1 |     2 |     6 |    10 ||    19
       Burn Spellbooks   |       |       |       |     2 ||     2
  Use: Scroll            |       |       |       |     1 ||     1
  Eat: Chunk             |     1 |     6 |    19 |    26 ||    52
       Royal jelly       |       |       |     1 |       ||     1
       Pizza             |       |       |     1 |       ||     1
       Fruit             |       |       |       |     1 ||     1
Armor: Animal skin       |     6 |       |       |       ||     6
       Scale mail        |    41 |   119 |   251 |   167 ||   578
       Chain mail        |       |       |       |    91 ||    91
       Skin              |       |       |       |    14 ||    14
Dodge: Dodged            |    48 |    80 |   185 |   247 ||   560
Block: Shield            |    13 |   111 |   282 |   388 ||   794
